 Dungeon Crawl Stone Soup version 0.31-a0-507-gbafd7f5274 (webtiles) character file.

Game seed: 11305305865517967770

3385 jlumianski the Fighter (level 10, -7/76 HPs)
             Began as a Djinni Fire Elementalist on Aug 10, 2023.
             Was an Initiate of Makhleb.
             Shot with a sling bullet by Joseph (13 damage)
             ... on level 8 of the Dungeon.
             The game lasted 00:51:09 (7832 turns).

jlumianski the Fighter (Djinni Fire Elementalist)   Turns: 7832, Time: 00:51:10

Health: -7/76      AC:  9    Str:  4 (7)  XL:     10   Next: 24%
Gold:   429        EV: 14    Int: 25 (26) God:    Makhleb [......] SH:  0 Dex: 13 (15)

rFire   + + +        D - +2 hand axe of Ravage {freeze, Int+6}
rCold   x . .        (no shield)
rNeg    . . .        t - +2 robe {rF+}
rPois   ∞            w - +2 hat {Will+}
rElec   .            (no cloak)
rCorr   .            u - +2 pair of gloves
SInv    .            (boots unavailable)
Will    ++...        (no amulet)
Stlth   ++           (no ring)
HPRegen 0.32/turn    (no ring)
MPRegen 0.00/turn

%: infuse magic (-8 HP)
@: animating dead, flying
A: sickness immunity, fire resistance 2, cold vulnerability 1, float, innate
caster, HP casting, extra vitality 1
a: Renounce Religion


You were on level 8 of the Dungeon.
You worshipped Makhleb.
Makhleb was noncommittal.
You visited 2 branches of the dungeon, and saw 11 of its levels.

You collected 429 gold pieces.

Inventory:

Hand Weapons
 d - a +0 dagger
 x - a +0 dagger of venom
 D - the +2 hand axe of Ravage (weapon) {freeze, Int+6}
   (You found it on level 4 of the Dungeon)

   Int+6:     It affects your intelligence (+6).
 I - a +3 falchion of flaming
 L - a +2 short sword
 N - a +2 short sword of protection
 P - a +3 long sword of freezing
Missiles
 e - 2 curare-tipped darts
 l - 21 poisoned darts
 n - 2 throwing nets
 C - 3 javelins
 F - 3 boomerangs
Armour
 a - a +0 robe
 m - a +0 helmet
 t - a +2 robe of fire resistance (worn)
 u - a +2 pair of gloves (worn)
 w - a +2 hat of willpower (worn)
Magical Staves
 c - a staff of death
Jewellery
 M - a +6 ring of dexterity
Talismans
 g - a blade talisman
Wands
 y - a wand of iceblast (13)
 B - a wand of polymorph (4)
Scrolls
 f - a scroll of acquirement {unknown}
 h - 2 scrolls of fear
 o - 2 scrolls of teleportation
 p - a scroll of torment {unknown}
 r - 4 scrolls of poison
 s - 2 scrolls of fog {unknown}
 v - 2 scrolls of blinking
 z - a scroll of vulnerability {unknown}
 A - a scroll of brand weapon {unknown}
 O - a scroll of enchant armour
 R - a scroll of noise {unknown}
Potions
 b - 3 potions of ambrosia
 i - 2 potions of cancellation
 j - 2 potions of might
 k - a potion of degeneration
 q - 3 potions of enlightenment
 E - a potion of attraction
 G - a potion of mutation
 H - a potion of magic
 J - a potion of haste
 Q - a potion of heal wounds


   Skills:
 * Level 8.2 Fighting
 + Level 1.2 Short Blades
 + Level 1.6 Axes
 + Level 0.5 Staves
 + Level 5.4 Dodging
 + Level 3.8 Stealth
 - Level 6.2 Spellcasting
 - Level 6.2 Conjurations
 - Level 6.2 Hexes
 - Level 6.2 Summonings
 - Level 6.2 Necromancy
 - Level 6.2 Translocations
 - Level 6.2 Transmutations
 - Level 6.2 Fire Magic
 - Level 6.2 Ice Magic
 - Level 6.2 Air Magic
 - Level 6.2 Earth Magic
 - Level 6.2 Poison Magic
 * Level 4.5 Invocations


You knew the following spells:

 Your Spells              Type           Power      Damage    Failure   Level
a - Foxfire               Conj/Fire      100%       2x1d9     1%          1
b - Scorch                Fire           78%        2d8       1%          2
c - Volatile Blastmotes   Fire/Tloc      78%        2d16      1%          3
d - Inner Flame           Hex/Fire       39%        N/A       1%          3
e - Flame Wave            Conj/Fire      39%        2d11      5%          4
f - Kiss of Death         Conj/Necr      100%       2d13      1%          1
g - Searing Ray           Conj           78%        2d7       1%          2
h - Summon Guardian Gole  Hex/Summ       39%        N/A       1%          3
i - Animate Dead          Necr           39%        N/A       5%          4
Your spell library was empty.

Dungeon Overview and Level Annotations

Branches:
Dungeon (10/15)            Temple (1/1) D:5
   Lair: D:8-11         Orc: D:9-12

Altars:
Ashenzari
Cheibriados
Dithmenos
Elyvilon
Fedhas
Gozag
Hepliaklqana
Makhleb
Nemelex Xobeh
Okawaru
Qazlal
Ru
Uskayaw
Xom
Yredelemnul
The Shining One

Annotations:
D:8 Joseph
D:9 Harold


Innate Abilities, Weirdness & Mutations

You are immune to sickness and miasma.
You are immune to poison.
Your flesh is very heat resistant. (rF++)
You are vulnerable to cold. (rC-)
You float through the air rather than walking.
You learn spells naturally, not from books.
Your magical power is your life essence.
You have superior vitality. (+4 MHP)


Message History

Your orc zombie barely misses Joseph.
There is a broken door here.
You see here a +0 hand axe.
Okay, then.
Casting: Foxfire (safe; 1% risk of failure)
Confirm with . or Enter, or press ? or * to list all spells.
A guardian golem appears, shielding your allies.
* * * LOW HITPOINT WARNING * * *
Your orc zombie hits Joseph.
Joseph shoots a sling bullet.
The sling bullet closely misses you.
The sling bullet hits your guardian golem!
You see here a +0 orcbow.
Your orc zombie closely misses Joseph.
Joseph shoots a sling bullet.
The sling bullet hits your guardian golem!
Joseph shoots a sling bullet.
The sling bullet hits your guardian golem!
Your orc zombie hits Joseph.
Your guardian golem overheats!
Joseph shoots a sling bullet.
The sling bullet hits you.
* * * LOW HITPOINT WARNING * * *
Your orc zombie closely misses Joseph.
Joseph shoots a sling bullet.
The sling bullet hits your guardian golem!
Flame seeps out of your guardian golem.
Your guardian golem is engulfed in blazing flames.
Flame seeps out of your guardian golem.
Your orc zombie closely misses Joseph.
Joseph shoots a sling bullet.
The sling bullet hits your guardian golem.
Flame seeps out of your guardian golem.
Your guardian golem is engulfed in blazing flames.
Your guardian golem disappears in a puff of smoke!
Your guardian golem explodes!
The fiery explosion engulfs Joseph!
Joseph is engulfed in blazing flames.
Joseph shoots a sling bullet.
The sling bullet hits you!
* * * LOW HITPOINT WARNING * * *
Your orc zombie hits Joseph but does no damage.
Joseph is engulfed in blazing flames.
Joseph shoots a sling bullet.
The sling bullet hits you!
You die...

##..#####........####)###
##..###.#'#.......##.).#
#..###._.###........Z###
#...###.#'#.......#§@#
#....#####..#....#§.§#
#.#..###...+....+.§.#
##.##..#...##....#)######
#........#.##....)......#
#........#.##...@......:#
#........#..............#
#........'....>.........#
#........######.........#
#........# #.........#
#........# ###########
#........# #....(...#
#...[....#


You could see Joseph (ally target) and a friendly orc zombie (inner flame).

Vanquished Creatures
  A two-headed ogre (D:8)
  A steam dragon (D:8)
  Duvessa (D:7)
  An orc warrior (D:8)
  A sky beast (D:7)
  An ice beast (D:8)
  A centaur (D:8)
  A kobold brigand (D:6)
  3 bullfrogs
  A gnoll sergeant (D:8)
  2 scorpions
  Dowan (D:7)
  11 wights
  A hound (D:6)
  2 orc priests
  A gnoll bouda (D:7)
  A jelly (D:5)
  Jessica (D:2)
  A sleepcap (D:7)
  Terence (D:3)
  7 iguanas
  12 orc wizards
  9 gnolls
  4 adders
  A gnoll zombie (D:8)
  A shadow imp (D:6)
  An ufetubus (D:7)
  5 dart slugs
  4 worms
  37 orcs
  4 bats
  12 endoplasms
  3 giant cockroaches
  10 goblins
  10 hobgoblins
  7 jackals
  3 quokkas (D:1)
  8 ball pythons
  6 frilled lizards
  10 kobolds
  8 rats
  A spectral orc (D:6)
197 creatures vanquished.

Vanquished Creatures (collateral kills)
  A jelly (D:8)
  A gnoll (D:8)
2 creatures vanquished.

Vanquished Creatures (others)
  2 wights (D:7)
  A centaur zombie (D:8)
  An orc wizard (D:3)
  A steam dragon zombie (D:8)
  5 orc zombies
  An orc (D:8)
  3 gnoll zombies (D:8)
  362 foxfires
376 creatures vanquished.

Grand Total: 575 creatures vanquished

Notes
Turn   | Place    | Note
-------+----------+-------------------------------------------
     0 | D:1      | jlumianski the Djinni Fire Elementalist began the quest for
                  | the Orb.
     0 | D:1      | jlumianski set off with the following spells memorised:
                  | Foxfire, Scorch, Volatile Blastmotes, Inner Flame, Flame
                  | Wave.
     0 | D:1      | Reached XP level 1. HP: 15/15 MP: 0/0
    75 | D:1      | Reached XP level 2. HP: 14/21 MP: 0/0
   184 | D:1      | Reached XP level 3. HP: 25/26 MP: 0/0
   184 | D:1      | Learned a level 1 spell: Kiss of Death
   288 | D:1      | Reached skill level 1 in Fighting
   647 | D:1      | Reached XP level 4. HP: 32/32 MP: 0/0
   844 | D:2      | Noticed Jessica
   849 | D:2      | Killed Jessica
   956 | D:3      | Found a faded altar of an unknown god.
   962 | D:3      | Found a snail-covered altar of Cheibriados.
   964 | D:3      | Found an iron altar of Okawaru.
   964 | D:3      | Noticed Terence
   993 | D:3      | Killed Terence
   994 | D:3      | Reached skill level 2 in Fighting
   994 | D:3      | Reached XP level 5. HP: 35/38 MP: 0/0
   994 | D:3      | Learned a level 2 spell: Searing Ray
  1042 | D:3      | Found a stormy altar of Qazlal.
  2104 | D:3      | Reached XP level 6. HP: 45/45 MP: 0/0
  2325 | D:3      | Found a sacrificial altar of Ru.
  2325 | D:3      | Found a glowing golden altar of the Shining One.
  2331 | D:3      | Found a shadowy altar of Dithmenos.
  2333 | D:3      | Found a blossoming altar of Fedhas.
  2358 | D:3      | Reached skill level 3 in Fighting
  2836 | D:4      | Found an opulent altar of Gozag.
  2868 | D:5      | Entered Level 5 of the Dungeon
  2889 | D:5      | Reached XP level 7. HP: 35/50 MP: 0/0
  2889 | D:5      | Learned a level 3 spell: Summon Guardian Golem
  3410 | D:4      | Identified the +2 hand axe of Ravage {freeze, Int+6}
  3854 | D:5      | Reached skill level 1 in Short Blades
  4111 | D:5      | Reached skill level 4 in Fighting
  4415 | D:5      | Found a staircase to the Ecumenical Temple.
  4425 | Temple   | Entered the Ecumenical Temple
  4536 | D:5      | Reached XP level 8. HP: 53/58 MP: 0/0
  4841 | D:6      | Reached skill level 5 in Spellcasting
  4841 | D:6      | Reached skill level 5 in Conjurations
  4841 | D:6      | Reached skill level 5 in Hexes
  4841 | D:6      | Reached skill level 5 in Summonings
  4841 | D:6      | Reached skill level 5 in Necromancy
  4841 | D:6      | Reached skill level 5 in Translocations
  4841 | D:6      | Reached skill level 5 in Transmutations
  4841 | D:6      | Reached skill level 5 in Fire Magic
  4841 | D:6      | Reached skill level 5 in Ice Magic
  4841 | D:6      | Reached skill level 5 in Air Magic
  4841 | D:6      | Reached skill level 5 in Earth Magic
  4841 | D:6      | Reached skill level 5 in Poison Magic
  5093 | D:6      | Reached skill level 5 in Fighting
  5180 | D:6      | Found a basalt altar of Yredelemnul.
  5970 | D:7      | Noticed Duvessa
  6060 | D:7      | Noticed Dowan
  6070 | D:7      | HP: 3/61 [Duvessa/+2 short sword of protection (7)]
  6272 | D:6      | Reached skill level 6 in Fighting
  6407 | D:7      | Reached XP level 9. HP: 50/66 MP: 0/0
  6407 | D:7      | Learned a level 4 spell: Animate Dead
  6478 | D:7      | Killed Duvessa
  6489 | D:7      | Killed Dowan
  6739 | D:9      | Found a burning altar of Makhleb.
  6744 | D:9      | Became a worshipper of Makhleb the Destroyer
  6767 | D:9      | Reached skill level 7 in Fighting
  6767 | D:9      | Reached skill level 1 in Invocations
  6947 | D:10     | Entered Level 10 of the Dungeon
  6957 | D:9      | Noticed Harold
  7331 | D:8      | Reached skill level 1 in Axes
  7642 | D:8      | Found a sparkling altar of Nemelex Xobeh.
  7724 | D:8      | Noticed a two-headed ogre
  7739 | D:8      | Killed a two-headed ogre
  7740 | D:8      | Reached skill level 8 in Fighting
  7740 | D:8      | Reached skill level 5 in Dodging
  7740 | D:8      | Reached XP level 10. HP: 67/76 MP: 0/0
  7811 | D:8      | Noticed Joseph
  7832 | D:8      | Shot with a sling bullet by Joseph

Illustrated notes

Levels and vault maps discovered:
D:1:      saegor_arrival_simple_b, layout_rooms, minmay_pentomino_u2
D:2:      layout_basic, uniq_jessica
D:3:      layout_basic, mainiacjoe_overflow_chevrons,
          nicolae_overflow_macrodata_refinement, kennysheep_orc_sif_temple,
          mainiacjoe_overflow_catwalk_spiral, ebering_ecumenical_altar_ruins,
          minmay_increasing_density, uniq_terence
D:4:      cheibrodos_old_hovel, layout_basic,
          mainiacjoe_overflow_six_doors_small
D:5:      layout_loops_ring, minmay_temple_entry_poolview,
          kennysheep_generic_room_8
D:6:      layout_cave_pods, yredelemnul_forgotten_temple_becter
D:7:      layout_cave_pools, uniq_duvessa
D:8:      layout_basic, nemelex_diamond_rough_becter, uniq_joseph
D:9:      layout_roguey [special_room_orc], mainiacjoe_overflow_cross_hatched,
          lemuel_crystal_altar, zin_treasury, due_lair_maze_entry_diamond,
          uniq_harold
D:10:     layout_basic, trog_hazing_becter
Temple:   hellmonk_temple_two_chambers

Skill      XL: |  1  2  3  4  5  6  7  8  9 |
---------------+----------------------------+-----
Spellcasting   | 4 5 6 |  6.2
Conjurations   | 4 5 6 |  6.2
Hexes          | 4 5 6 |  6.2
Summonings     | 4 5 6 |  6.2
Necromancy     | 4 5 6 |  6.2
Translocations | 4 5 6 |  6.2
Transmutations | 4 5 6 |  6.2
Fire Magic     | 4 5 6 |  6.2
Ice Magic      | 4 5 6 |  6.2
Air Magic      | 4 5 6 |  6.2
Earth Magic    | 4 5 6 |  6.2
Poison Magic   | 4 5 6 |  6.2
Stealth        | 2 3 |  3.8
Fighting       | 1 2 3 4 6 8 |  8.2
Dodging        | 3 5 |  5.4
Short Blades   | 1 |  1.2
Invocations    | 4 |  4.5
Axes           | 1 |  1.6
Staves         | |  0.5

Action                     |  1- 3 |  4- 6 |  7- 9 | 10-12 || total
---------------------------+-------+-------+-------+-------++-------
  Melee: Staff             |     5 |    18 |       |       ||    23
         Unarmed           |     1 |       |       |       ||     1
         Dagger            |       |    25 |    15 |       ||    40
         Punch             |       |     1 |     2 |       ||     3
         Hand axe          |       |       |    23 |     7 ||    30
   Cast: Foxfire           |    48 |    61 |    88 |     4 ||   201
         Scorch            |       |    32 |    73 |     4 ||   109
         Volatile Blastmot |       |     7 |    14 |       ||    21
         Searing Ray       |       |       |     5 |       ||     5
         Summon Guardian G |       |       |     6 |     1 ||     7
         Flame Wave        |       |       |     2 |       ||     2
         Animate Dead      |       |       |     4 |     1 ||     5
         Inner Flame       |       |       |     1 |     1 ||     2
    Use: Scroll            |       |     4 |    11 |       ||    15
         Potion            |       |       |     2 |       ||     2
   Stab: Sleeping          |       |     4 |     1 |       ||     5
 Armour: Robe              |     5 |    17 |    45 |     4 ||    71
  Dodge: Dodged            |    28 |    61 |    92 |    25 ||   206

Table legend: (Time is in decaauts)
 A = Elapsed time spent in this place.
 B = Non-inter-level travel time spent in this place.
 C = Inter-level travel time spent in this place.
 D = Time resting spent in this place.
 E = Time spent auto-exploring this place.
 F = Levels seen in this place.
 G = Mean time per level.
                   A        B        C        D        E       F      G
               +--------+--------+--------+--------+--------+-----+--------+
         Total |   7870 |   7672 |    198 |    818 |   4295 |  11 |  715.5 |
       Dungeon |   7838 |   7640 |    198 |    818 |   4295 |  10 |  783.8 |
        Temple |     31 |     31 |      0 |      0 |      0 |   1 |   31.0 |
               +--------+--------+--------+--------+--------+-----+--------+

Top non-repeatable levels by time:
     D:6: 1520 daAuts
     D:3: 1162 daAuts
     D:5: 1058 daAuts
     D:4: 870 daAuts
     D:1: 831 daAuts
     D:2: 799 daAuts
     D:8: 736 daAuts
     D:7: 728 daAuts
     D:9: 83 daAuts
    D:10: 48 daAuts
  Temple: 31 daAuts
